 Dungeon Crawl Stone Soup version 0.30.0-10-gfe55d96785 (webtiles) character file.

Game seed: 8117227176021043778

1570 GigaChad the Cleaver (level 8, -7/71 HPs)
             Began as a Minotaur Fighter on May 16, 2023.
             Was an Initiate of the Shining One.
             Succumbed to a gnoll sergeant's poison
             ... on level 9 of the Dungeon.
             The game lasted 00:06:32 (3892 turns).

GigaChad the Cleaver (Minotaur Fighter)             Turns: 3892, Time: 00:06:33

Health: -7/71      AC: 10    Str: 23    XL:     8   Next: 59%
Magic:  7/7        EV:  8    Int:  5    God:    the Shining One [......]
Gold:   325        SH:  6    Dex: 16    Spells: 7/7 levels left

rFire   . . .        a - +0 war axe
rCold   . . .        c - +0 buckler
rNeg    . . .        q - +0 chain mail
rPois   .            (helmet restricted)
rElec   .            (no cloak)
rCorr   .            (no gloves)
SInv    .            (no boots)
Will    .....        h - amulet of the acrobat Stlth
                     l - +6 ring of dexterity
HPRegen 0.31/turn    (no ring)
MPRegen 0.10/turn

%: acrobat
@: lethally poisoned (-7 -> -47), glowing
A: horns 2, retaliatory headbutt
a: Renounce Religion


You were on level 9 of the Dungeon.
You worshipped the Shining One.
The Shining One was noncommittal.
You visited 2 branches of the dungeon, and saw 9 of its levels.

You collected 325 gold pieces.

Inventory:

Hand Weapons
 a - a +0 war axe (weapon)
Missiles
 w - 3 throwing nets (quivered)
Armour
 b - a +0 scale mail
 c - a +0 buckler (worn)
 q - a +0 chain mail (worn)
Jewellery
 h - an amulet of the acrobat (around neck)
 l - a +6 ring of dexterity (left hand)
Scrolls
 i - a scroll of fear
 m - 2 scrolls of enchant weapon {unknown}
 n - 3 scrolls of identify
 p - 2 scrolls of noise
 r - a scroll of torment {unknown}
 t - 2 scrolls of teleportation
 u - a scroll of vulnerability {unknown}
 v - a scroll of silence {unknown}
Potions
 d - 2 potions of might
 e - a potion of degeneration {unknown}
 f - 3 potions of heal wounds {unknown}
 g - 2 potions of magic {unknown}
 j - 5 potions of curing {unknown}
 k - a potion of haste {unknown}
 o - a potion of lignification {unknown}
 s - 2 potions of attraction {unknown}
 x - a potion of mutation {unknown}
 z - a potion of flight {unknown}


   Skills:
 * Level 6.6 Fighting
 * Level 9.1 Axes
 * Level 7.1 Armour
 * Level 5.9 Shields


You had 7 spell levels left.
You didn't know any spells.
Your spell library contained the following spells:

 Spells                   Type           Power      Damage    Failure   Level
 Slow                     Hex            0%         N/A       97%         1
 Sting                    Tmut/Pois      0%         1d3       97%         1
 Blink                    Tloc           0%         N/A       99%         2
 Lesser Beckoning         Tloc           0%         N/A       99%         2
 Momentum Strike          Conj/Tloc      0%         3d8       99%         2
 Poisonous Vapours        Pois/Air       0%         N/A       99%         2
 Confusing Touch          Hex            0%         N/A       100%        3
 Inner Flame              Hex/Fire       0%         N/A       100%        3
 Vampiric Draining        Necr           0%         2d6       100%        3
 Flame Wave               Conj/Fire      0%         2d4       100%        4
 Olgreb's Toxic Radiance  Pois           0%         N/A       100%        4
 Sticky Flame             Conj/Fire      0%         2d3       100%        4


Dungeon Overview and Level Annotations

Branches:
Dungeon (9/15)             Temple (1/1) D:5
   Lair: D:8-11         Orc: D:9-12

Altars:
Ashenzari
Dithmenos
Elyvilon
Fedhas
Gozag
Hepliaklqana
Kikubaaqudgha
Makhleb
Nemelex Xobeh
Qazlal
Ru
Sif Muna
Trog
Uskayaw
Vehumet
Yredelemnul
Zin
The Shining One

Shops:
D:2 [


Innate Abilities, Weirdness & Mutations

You have a pair of horns on your head.
You reflexively headbutt those who attack you in melee.


Message History

You are more poisoned.
You slash the gnoll sergeant!
The gnoll sergeant is severely wounded.
You hit the gnoll but do no damage.
You feel very sick. The gnoll sergeant closely misses you.
The gnoll hits you with a +2 flail of protection!
The gnoll hits you from afar with a +2 halberd of venom!
You are too injured to fight recklessly!
Unknown command.
You are too injured to fight recklessly!
You are too injured to fight recklessly!
Unknown command.
Unknown command.
You slash the gnoll! Your headbutt misses the gnoll.
The gnoll is severely wounded.
The gnoll sergeant blocks your attack.
You feel very sick.
The gnoll sergeant hits you but does no damage.
You are lethally poisoned!
The gnoll closely misses you.
The gnoll hits you from afar with a +2 halberd of venom.
* * * LOW HITPOINT WARNING * * *
You are more poisoned.
You hit the gnoll.
The gnoll is almost dead.
You completely miss the gnoll sergeant.
* * * LOW HITPOINT WARNING * * *
You feel extremely sick.
The gnoll sergeant hits you with a +1 spear of venom.
* * * LOW HITPOINT WARNING * * *
You are more poisoned.
The gnoll hits you with a +2 flail of protection.
* * * LOW HITPOINT WARNING * * *
The gnoll hits you but does no damage. The gnoll barely misses you.
You barely miss the gnoll sergeant.
Your headbutt misses the gnoll sergeant.
The gnoll sergeant is severely wounded.
You barely miss the gnoll.
You die...

#.# ########## #.#
.........#####.#
..#####.##......##.#
.............##.##.####
.#####.###..#.........
##.# #..#..##.###.
#..####..#
#............
#.....g@##
#.##..##.##.. ##.####g#
#.##.........


gg. ...#.###.##.. ##.## .... ....... ... .#. ##.##.. #.. .... ...... ### .. .
####.. You could see a gnoll sergeant and 3 gnolls.

Vanquished Creatures
  Sigmund (D:3)
  A wyvern (D:6)
  An orc warrior (D:9)
  An ogre (D:5)
  A black bear (D:4)
  A centaur (D:6)
  A phantom (D:6)
  3 scorpions
  A howler monkey (D:5)
  3 orc priests (D:4)
  4 iguanas
  A sleepcap (D:4)
  4 orc wizards
  Terence (D:3)
  11 gnolls
  5 adders
  2 dart slugs (D:2)
  22 orcs
  8 endoplasms
  6 giant cockroaches
  6 goblins
  4 hobgoblins
  9 jackals
  7 quokkas
  12 ball pythons
  2 bats
  A frilled lizard (D:1)
  8 kobolds
  3 rats (D:1)
130 creatures vanquished.

Notes
Turn   | Place    | Note
-------+----------+-------------------------------------------
     0 | D:1      | GigaChad the Minotaur Fighter began the quest for the Orb.
     0 | D:1      | Reached XP level 1. HP: 19/19 MP: 0/0
    72 | D:1      | Found a faded altar of an unknown god.
    98 | D:1      | Reached XP level 2. HP: 22/27 MP: 1/1
   374 | D:1      | Reached XP level 3. HP: 33/33 MP: 2/2
   777 | D:2      | Found Eggiv's Antique Armour Shoppe.
   867 | D:2      | Reached skill level 3 in Axes
  1313 | D:2      | Found a hazy altar of Hepliaklqana.
  1368 | D:3      | Reached XP level 4. HP: 39/41 MP: 3/3
  1418 | D:3      | Noticed Sigmund
  1430 | D:3      | Killed Sigmund
  1431 | D:3      | Reached skill level 5 in Fighting
  1431 | D:3      | Reached skill level 5 in Axes
  1431 | D:3      | Reached XP level 5. HP: 25/48 MP: 4/4
  1647 | D:3      | Noticed Terence
  1652 | D:3      | Killed Terence
  1653 | D:3      | Reached XP level 6. HP: 52/56 MP: 5/5
  2090 | D:4      | Reached skill level 5 in Armour
  2230 | D:4      | Found a sacrificial altar of Ru.
  2373 | D:4      | Reached skill level 6 in Axes
  2510 | D:4      | Reached XP level 7. HP: 62/62 MP: 6/6
  2511 | D:4      | Found a radiant altar of Vehumet.
  2542 | D:4      | Found a shimmering blue altar of Sif Muna.
  2836 | D:5      | Entered Level 5 of the Dungeon
  2992 | D:5      | Reached skill level 5 in Shields
  3013 | D:5      | Reached skill level 7 in Axes
  3442 | D:5      | Found a staircase to the Ecumenical Temple.
  3459 | Temple   | Entered the Ecumenical Temple
  3480 | Temple   | Became a worshipper of the Shining One
  3488 | D:5      | Reached XP level 8. HP: 70/70 MP: 7/7
  3593 | D:6      | Found a shadowy altar of Dithmenos.
  3600 | D:6      | Reached skill level 8 in Axes
  3766 | D:6      | You fall into a shaft and drop 3 floors!
  3776 | D:8      | Found an opulent altar of Gozag.
  3776 | D:8      | Found a broken altar of Ashenzari.
  3826 | D:9      | Reached skill level 9 in Axes
  3891 | D:9      | HP: 1/71 [gnoll/+2 flail of protection[a gnoll sergeant]
                  | (5)]
  3892 | D:9      | Succumbed to a gnoll sergeant's poison

Illustrated notes

Levels and vault maps discovered:
D:1:      lightli_arrival_isolated_outpost, layout_basic,
          ebering_ecumenical_altar_rust
D:2:      layout_loops_ring, serial_shops, shop, basic_altar
D:3:      layout_basic, uniq_terence, uniq_sigmund
D:4:      layout_rooms, nicolae_ru_the_path_less_chosen,
          mainiacjoe_overflow_two_lobes
D:5:      layout_cave_pools, minmay_temple_entry_nine_rooms,
          minmay_misc_feat_pillars
D:6:      layout_cave_pools, nicolae_dithmenos_through_a_glass_darkly,
          led_xom_imps
D:8:      layout_rooms, nicolae_overflow_hidden_temple, cheibrodos_worm_habitat
D:9:      layout_loops_ring, nicolae_overflow_crystal_walls
Temple:   hellmonk_temple_two_chambers

Skill      XL: |  1  2  3  4  5  6  7  8 |
---------------+-------------------------+-----
Fighting       | 4 5 6 |  6.6
Armour         | 4 5 6 7 |  7.1
Shields        | 4 5 |  5.9
Axes           | 3 5 6 7 9 |  9.1

Action                     |  1- 3 |  4- 6 |  7- 9 || total
---------------------------+-------+-------+-------++-------
  Melee: War axe           |    91 |    69 |   108 ||   268
         Headbutt          |    12 |    14 |    24 ||    50
    Use: Scroll            |     4 |     1 |       ||     5
 Armour: Scale mail        |    59 |     2 |       ||    61
         Chain mail        |       |    41 |    47 ||    88
  Dodge: Dodged            |    42 |    60 |    65 ||   167
  Block: Buckler           |    17 |    17 |    41 ||    75
